 Dungeon Crawl Stone Soup version 0.23.2 (webtiles) character file.

Game seed: 17692915942952962788

12620 Fang the Fighter (level 11, 0/73 HPs)
             Began as a Gargoyle Berserker on Apr 4, 2019.
             Was a High Priest of Trog.
             Slain by a rust devil (7 damage)
             ... summoned by a kobold demonologist
             ... on level 1 of the Abyss.
             The game lasted 00:13:57 (10535 turns).

Fang the Fighter (Gargoyle Berserker)              Turns: 10535, Time: 00:13:57

Health: 0/73       AC:  5    Str: 23    XL:     11   Next: 96%
Magic:  11/11      EV: 12    Int: 15    God:    Trog [*****.]
Gold:   712        SH:  0    Dex:  9    Spells: 10/10 levels left

rFire    . . .     SeeInvis .   a - +1 war axe
rCold    . . .     Gourm    .   (no shield)
rNeg     + . .     Faith    .   G - +5 crystal plate armour
rPois    ∞         Spirit   .   (no helmet)
rElec    +         Reflect  .   (no cloak)
rCorr    .         Harm     .   (no gloves)
MR       .....                  (no boots)
Stlth    ..........             e - amulet of the acrobat
HPRegen  0.22/turn              B - +6 ring of intelligence
MPRegen  0.12/turn              i - +5 ring of evasion

@: corroded
A: negative energy resistance 1, electricity resistance, unbreathing,
petrification resistance, rot immunity, AC +8
a: Berserk, Trog's Hand, Brothers in Arms, Renounce Religion


You were on level 1 of the Abyss.
You worshipped Trog.
Trog was extremely pleased with you.
You were hungry.

You visited 2 branches of the dungeon, and saw 11 of its levels.
You visited the Abyss 1 time.

You collected 712 gold pieces.

Inventory:

Hand Weapons
 a - a +1 war axe (weapon)
 p - a +7 vampiric battleaxe
Armour
 G - a +5 crystal plate armour (worn)
Jewellery
 b - a +4 ring of protection {unknown}
 d - an uncursed ring of flight
 e - an amulet of the acrobat (around neck)
 f - a +3 ring of evasion
 i - a +5 ring of evasion (right hand)
 z - an uncursed ring of fire
 B - a +6 ring of intelligence (left hand)
Wands
 h - a wand of acid (5)
 j - a wand of disintegration (11)
 y - a wand of random effects (28)
 A - a wand of iceblast (10)
 D - a wand of flame (12)
 H - a wand of paralysis (10)
Scrolls
 m - 3 scrolls of fear
 n - 3 scrolls of teleportation
 q - 4 scrolls of remove curse
 r - 2 scrolls of identify
 w - 2 scrolls of magic mapping
Potions
 g - a potion of mutation
 k - 4 potions of curing
 l - 2 potions of heal wounds
 o - a potion of ambrosia
 s - a potion of berserk rage
 t - 3 potions of brilliance
 v - 3 potions of agility
Comestibles
 c - 18 rations


   Skills:
 + Level 10.8 Fighting
 + Level 9.2 Axes
 + Level 10.5 Armour
 + Level 8.1 Dodging


You had 10 spell levels left.
You didn't know any spells.
Your spell library was empty.

Dungeon Overview and Level Annotations

Branches:
Dungeon (10/15)            Temple (1/1) D:4            Lair (0/6) D:9
    Orc (0/2) D:9

Altars:
Dithmenos
Fedhas
Gozag
Hepliaklqana
Qazlal
Ru
Trog
Vehumet
Xom
Yredelemnul
Zin
The Shining One

Shops:
D:7 *   D:10 [

Annotations:
D:4 exclusion: statue
D:10 Sonja


Innate Abilities, Weirdness & Mutations

You are resistant to torment.
Your stone body is resilient. (AC +8)
You are immune to poison.
You resist negative energy. (rN+)
You are resistant to electric shocks. (rElec)
You can survive without breathing.
You are immune to petrification.
You are immune to rotting.


Message History

The rust devil hits you. The rust devil corrodes you!
The kobold demonologist hits you but does no damage.
The jelly quivers.
You hit the kobold demonologist but do no damage.
The kobold demonologist is moderately wounded.
You completely miss the crimson imp.
You hit the rust devil but do no damage.
Your crystal plate armour prevents you from hitting the large abomination.
The kobold demonologist barely misses you.
The large abomination closely misses you.
The rust devil hits you. The rust devil corrodes you!
The crimson imp barely misses you.
Your crystal plate armour prevents you from hitting the kobold demonologist.
The kobold demonologist is moderately wounded.
You hit the crimson imp.
You hit the rust devil but do no damage.
You hit the large abomination.
The kobold demonologist closely misses you.
The rust devil hits you!
You die...

# ###. . ...## .
. . ##.## #
..#.###.5.#≈####
§#.§.#..4X#.#....
. .(.....@K5....§
##.....5##....J.
. ........ ...§..
....(.... . ....#
........v.. .....
..v.... ∩.. ...
.......... #....
......... ... #.
. .... .. ..(


You could see 2 spatial vortices, a large abomination, a rust devil, a kobold
demonologist, a jelly, a quasit, a crimson imp and an ufetubus.

Vanquished Creatures
  Erolcha (D:10)
  Nergalle (D:10)
  An unseen horror (D:10)
  An ugly thing (D:7)
  A large abomination (Abyss:1)
  Joseph (D:7)
  An ancient zyme (Abyss:1)
  A troll (D:9)
  A hippogriff (D:9)
  2 hogs (D:7)
  A human (D:7)
  17 yaks
  A hungry ghost (D:8)
  Grum (D:8)
  A steam dragon (D:10)
  2 water moccasins
  3 ice beasts
  A phantom (D:7)
  A hornet zombie (D:7)
  6 sky beasts
  A necrophage (D:5)
  2 ogres
  6 orc warriors
  4 wolves (D:8)
  4 centaurs
  3 big kobolds
  Blork the orc (D:6)
  4 bullfrogs
  2 gnoll sergeants
  A jelly (D:9)
  4 scorpions
  3 wights (D:8)
  3 crimson imps
  A quasit (D:9)
  7 hounds
  Crazy Yiuf (D:6)
  A bullfrog zombie (D:8)
  An orc priest (D:8)
  8 orc wizards
  A bullfrog skeleton (D:4)
  3 gnoll shamans (D:6)
  Ijyb (D:3)
  Terence (D:3)
  10 worker ants
  2 iguanas
  2 hound zombies
  7 adders
  41 gnolls
  2 oozes
  An adder zombie (D:5)
  3 adder skeletons
  A worm (D:2)
  3 dart slugs
  2 leopard geckos
  27 orcs
  2 ball pythons
  7 bats
  3 giant cockroaches
  7 hobgoblins
  18 jackals (D:6)
  2 quokkas
  6 frilled lizards
  5 goblins
  8 kobolds
  A leopard gecko skeleton (D:8)
  A quokka skeleton (D:4)
  A quokka zombie (D:7)
  3 rats
273 creatures vanquished.

Vanquished Creatures (collateral kills)
  A mana viper (Abyss:1)
  An ancient zyme (Abyss:1)
2 creatures vanquished.

Grand Total: 275 creatures vanquished

Notes
Turn   | Place    | Note
-------+----------+-------------------------------------------
     0 | D:1      | Fang the Gargoyle Berserker began the quest for the Orb.
     0 | D:1      | Reached XP level 1. HP: 14/14 MP: 1/1
   193 | D:1      | Reached XP level 2. HP: 19/19 MP: 2/2
   509 | D:1      | Reached XP level 3. HP: 22/23 MP: 3/3
  1016 | D:2      | Reached ** piety under Trog
  1256 | D:2      | Reached XP level 4. HP: 21/29 MP: 4/4
  1345 | D:2      | Found a shimmering altar of Xom.
  1569 | D:3      | Noticed Ijyb
  1582 | D:3      | Killed Ijyb
  1665 | D:3      | Noticed Terence
  1715 | D:3      | Killed Terence
  1715 | D:3      | Reached XP level 5. HP: 15/33 MP: 5/5
  2089 | D:4      | Found a basalt altar of Yredelemnul.
  2157 | D:4      | Found a staircase to the Ecumenical Temple.
  2213 | Temple   | Entered the Ecumenical Temple
  2367 | D:4      | Found a radiant altar of Vehumet.
  2367 | D:4      | Noticed a frost-covered statue
  2424 | D:4      | Reached XP level 6. HP: 39/39 MP: 6/6
  2747 | D:5      | Entered Level 5 of the Dungeon
  3038 | D:5      | Reached skill level 5 in Fighting
  3120 | D:5      | Noticed a necrophage
  3132 | D:5      | Killed a necrophage
  3132 | D:5      | Reached XP level 7. HP: 32/44 MP: 7/7
  3765 | D:6      | Reached skill level 5 in Armour
  3845 | D:6      | Reached *** piety under Trog
  3853 | D:6      | Reached XP level 8. HP: 51/51 MP: 8/8
  4093 | D:6      | Reached skill level 5 in Axes
  4763 | D:6      | Noticed Blork the orc
  4775 | D:6      | Killed Blork the orc
  4775 | D:6      | Reached **** piety under Trog
  4794 | D:6      | Found a glowing golden altar of the Shining One.
  4817 | D:6      | Reached XP level 9. HP: 51/57 MP: 9/9
  4876 | D:6      | Found a shadowy altar of Dithmenos.
  4978 | D:6      | Found a runed translucent door.
  4979 | D:6      | Noticed Crazy Yiuf
  5073 | D:6      | Reached skill level 5 in Dodging
  5355 | D:6      | Killed Crazy Yiuf
  5388 | D:7      | Noticed Joseph
  5414 | D:7      | Killed Joseph
  6088 | D:7      | Found a transporter.
  6147 | D:7      | Found a hazy altar of Hepliaklqana.
  6148 | D:7      | Noticed a purple ugly thing
  6153 | D:7      | Found a transporter.
  6184 | D:7      | Killed a purple ugly thing
  6365 | D:7      | Found Pelor's General Store.
  6388 | D:7      | Reached XP level 10. HP: 41/64 MP: 10/10
  6913 | D:8      | Noticed Grum
  6932 | D:8      | Killed Grum
  7108 | D:8      | Paralysed by fainting for 10 turns
  7141 | D:8      | Found an opulent altar of Gozag.
  7257 | D:8      | Found a blossoming altar of Fedhas.
  7263 | D:8      | Reached ***** piety under Trog
  7576 | D:9      | Found a staircase to the Lair.
  7630 | D:9      | Found a sacrificial altar of Ru.
  7876 | D:9      | Found a stormy altar of Qazlal.
  8051 | D:9      | Found a staircase to the Orcish Mines.
  8093 | D:9      | Reached XP level 11. HP: 52/71 MP: 11/11
  8586 | D:10     | Entered Level 10 of the Dungeon
  8586 | D:10     | Found Zuxuet's Armour Shoppe.
  8588 | D:10     | Noticed Erolcha
  8609 | D:10     | Reached skill level 10 in Fighting
  8779 | D:10     | Received a gift from Trog
  8881 | D:10     | Noticed Sonja
  8954 | D:10     | Killed Erolcha
  8954 | D:10     | Reached skill level 10 in Armour
  9268 | D:10     | Noticed Nergalle
  9336 | D:10     | Killed Nergalle
 10106 | D:10     | Killed an unseen horror
 10397 | D:10     | Cast into level 1 of the Abyss (Sonja)
 10428 | Abyss:1  | Noticed a mana viper
 10444 | Abyss:1  | Killed a mana viper
 10465 | Abyss:1  | Noticed a large abomination
 10483 | Abyss:1  | Killed a large abomination
 10535 | Abyss:1  | Slain by a rust devil

Skill      XL: |  1  2  3  4  5  6  7  8  9 10 11 |
---------------+----------------------------------+-----
Axes           | 3 4 5 6 8 9 |  9.2
Dodging        | 2 3 4 5 7 8 |  8.1
Armour         | 3 4 5 6 7 9 10 | 10.5
Fighting       | 4 5 7 8 9 10 | 10.8

Action                   |  1- 3 |  4- 6 |  7- 9 | 10-12 || total
-------------------------+-------+-------+-------+-------++-------
Melee: Hand axe          |   108 |   225 |   270 |       ||   603
       War axe           |       |       |   239 |   570 ||   809
Invok: Berserk           |       |     1 |     8 |     2 ||    11
       Trog's Hand       |       |       |     3 |     1 ||     4
       Brothers in Arms  |       |       |       |     1 ||     1
  Use: Scroll            |       |       |       |    26 ||    26
       Potion            |       |       |       |     1 ||     1
  Eat: Chunk             |     1 |     7 |    17 |    16 ||    41
       Ration            |       |       |     1 |     1 ||     2
Armor: Animal skin       |    14 |    10 |       |       ||    24
       Scale mail        |       |    31 |   242 |       ||   273
       Ring mail         |       |       |    67 |     4 ||    71
       Crystal plate arm |       |       |       |   842 ||   842
Dodge: Dodged            |    83 |   194 |   680 |   625 ||  1582
